 Dungeon Crawl Stone Soup version 0.30-a0-782-ge64f9170bb (webtiles) character file.

Game seed: 4760909795663055298

79194 inmateoo the Spear-Bearer (level 15, -7/113 HPs)
             Began as a Demonspawn Gladiator on Mar 8, 2023.
             Was a High Priest of Hepliaklqana.
             Mangled by an ettin
             ... wielding a +0 dire flail of holy wrath
              (32 damage)
             ... on level 2 of the Orcish Mines.
             The game lasted 00:27:48 (17933 turns).

inmateoo the Spear-Bearer (Demonspawn Gladiator)   Turns: 17933, Time: 00:27:49

Health: -7/113     AC: 20    Str: 21    XL:     15   Next: 20%
Magic:  20/20      EV: 12    Int: 10    God:    Hepliaklqana [*****.]
Gold:   1530       SH:  7    Dex: 15    Spells: 16/18 levels left

rFire   + + .      SeeInvis .    C - +2 trident (venom)
rCold   + + .      Faith    .    e - +1 buckler {rC+}
rNeg    + . .      Spirit   .    L - +3 chain mail {rC+}
rPois   .          Reflect  .    K - +1 helmet
rElec   .          Harm     .    (no cloak)
rCorr   .          Rampage  .    (gloves unavailable)
Will    ++...                    F - +0 pair of boots Stlth
                                 g - amulet of regeneration
HPRegen 1.18/turn                v - ring of willpower
MPRegen 0.17/turn                j - ring "Geryhat" {Contam rF++ rN+}

@: no status effects
A: reduced essence, rugged brown scales 2, demonic guardian 1, ignite blood 2,
augmentation 1, demonic touch 3
a: Renounce Religion, Recall Ancestor, Ancestor Identity, Transference, Idealise


You were on level 2 of the Orcish Mines.
You worshipped Hepliaklqana.
Hepliaklqana was extremely pleased with you.
You visited 4 branches of the dungeon, and saw 23 of its levels.
You also visited: Sewer and Ice Cave.

You collected 1912 gold pieces.
You spent 382 gold pieces at shops.

Inventory:

Hand Weapons
 a - a +1 heavy trident
 y - a +2 trident of flaming
 C - a +2 trident of venom (weapon)
Missiles
 d - 2 throwing nets
 u - 11 silver javelins (quivered)
Armour
 e - a +1 buckler of cold resistance (worn)
 z - a +0 kite shield
 F - a +0 pair of boots (worn)
 K - a +1 helmet (worn)
 L - a +3 chain mail of cold resistance (worn)
Jewellery
 c - a ring of ice
 g - an amulet of regeneration (around neck)
 j - the ring "Geryhat" (right hand) {Contam rF++ rN+}
   (You acquired it on level 6 of the Dungeon)

   [ring of positive energy]

   rF:        It greatly protects you from fire.
   rN:        It protects you from negative energy.
   Contam:    It causes magical contamination when unequipped.
 q - a ring of protection from cold
 s - a ring of flight
 v - a ring of willpower (left hand)
Wands
 n - a wand of paralysis (16)
 t - a wand of mindburst (24)
 E - a wand of digging (1)
 H - a wand of quicksilver (2)
 Q - a wand of polymorph (6)
 R - a wand of roots (2)
Scrolls
 b - 6 scrolls of enchant weapon
 f - 5 scrolls of fog
 l - 3 scrolls of magic mapping
 o - a scroll of silence
 x - 6 scrolls of identify
 A - 7 scrolls of teleportation
 B - a scroll of acquirement
 G - a scroll of enchant armour
 I - 2 scrolls of brand weapon
 M - a scroll of fear
 P - 2 scrolls of blinking
Potions
 h - 4 potions of cancellation
 i - 3 potions of invisibility
 k - 4 potions of heal wounds
 m - 7 potions of curing
 p - 4 potions of mutation
 r - a potion of brilliance
 w - 3 potions of flight
 D - 2 potions of haste
 J - a potion of might
 N - 2 potions of ambrosia
 O - 3 potions of resistance


   Skills:
 + Level 11.6 Fighting
 * Level 14.9 Polearms
 - Level 1.7 Throwing
 + Level 10.5 Armour
 + Level 10.8 Dodging
 + Level 8.8 Shields
 - Level 2.0 Spellcasting
 + Level 7.8 Invocations


You had 16 spell levels left.
You knew the following spells:

 Your Spells              Type           Power      Damage    Failure   Level
a - Wereblood             Tmut           1%         N/A       98%         2

Your spell library contained the following spells:

 Spells                   Type           Power      Damage    Failure   Level
 Freeze                   Ice            4%         1d3       94%         1
 Kiss of Death            Conj/Necr      4%         2d5       94%         1
 Sandblast                Erth           2%         2d4       94%         1
 Slow                     Hex            4%         N/A       94%         1
 Cigotuvi's Dreadful Rot  Necr/Pois/Air  2%         N/A       98%         2
 Passwall                 Tmut/Erth      0%         N/A       98%         2
 Sublimation of Blood     Necr           1%         N/A       98%         2
 Confusing Touch          Hex            1%         N/A       100%        3
 Frozen Ramparts          Ice            2%         1d1       100%        3
 Hailstorm                Conj/Ice       1%         3d3       100%        3
 Ozocubu's Armour         Ice            1%         N/A       100%        3
 Portal Projectile        Hex/Tloc       2%         N/A       100%        3
 Stone Arrow              Conj/Erth      2%         3d7       100%        3
 Summon Guardian Golem    Hex/Summ       1%         N/A       100%        3
 Tukima's Dance           Hex            1%         N/A       100%        3
 Airstrike                Air            0%         2d(1-17)  100%        4
 Animate Armour           Summ/Erth      2%         N/A       100%        4
 Animate Dead             Necr           1%         N/A       100%        4
 Dispel Undead            Necr           1%         3d6       100%        4
 Ice Form                 Ice/Tmut       1%         N/A       100%        4
 Leda's Liquefaction      Hex/Erth       0%         N/A       100%        4
 Passage of Golubria      Tloc           1%         N/A       100%        4
 Summon Lightning Spire   Summ/Air       1%         N/A       100%        4
 Alistair's Intoxication  Tmut/Pois      0%         N/A       100%        5
 Blade Hands              Tmut           0%         N/A       100%        5
 Borgnjor's Vile Clutch   Necr/Erth      0%         N/A       100%        5
 Freezing Cloud           Conj/Ice/Air   0%         6-21      100%        5
 Lee's Rapid Deconstruct  Erth           0%         3d4*      100%        5
 Lightning Bolt           Conj/Air       0%         1d11      100%        5
 Metabolic Englaciation   Hex/Ice        0%         N/A       100%        5
 Summon Forest            Summ/Tloc      0%         N/A       100%        5
 Summon Mana Viper        Hex/Summ       1%         N/A       100%        5
 Yara's Violent Unravell  Hex/Tmut       0%         3d3       100%        5
 Death Channel            Necr           0%         N/A       100%        6
 Simulacrum               Ice/Necr       0%         N/A       100%        6
 Statue Form              Tmut/Erth      0%         N/A       100%        6
 Summon Cactus Giant      Summ           0%         N/A       100%        6
 Summon Hydra             Summ           0%         N/A       100%        7
 Discord                  Hex            0%         N/A       100%        8


Dungeon Overview and Level Annotations

Branches:
Dungeon (15/15)            Temple (1/1) D:7            Lair (5/5) D:10
  Swamp (0/4) Lair:3       Spider (0/4) Lair:3        Slime (0/5) Lair:5
    Orc (2/2) D:10            Elf (0/3) Orc:2        Vaults (0/5) D:13
 Depths (0/4) D:15          Sewer (visited)           IceCv (visited)

Altars:
Ashenzari
Cheibriados
Dithmenos
Fedhas
Gozag
Hepliaklqana
Kikubaaqudgha
Makhleb
Nemelex Xobeh
Okawaru
Qazlal
Ru
Sif Muna
Trog
Uskayaw
Vehumet
Wu Jian
Xom
Yredelemnul
Jiyva

Shops:
D:3 ?   D:9 ?   Orc:2 !

Portals:
Trove: D:13 (give 5 scrolls of fear)

Annotations:
D:12 1 runed translucent door, HoaS's ghost, journeyman GrHu


Innate Abilities, Weirdness & Mutations

Your life essence is reduced to manifest your ancestor. (-10% HP)
You are mostly covered in rugged brown scales. (AC +2, +5% HP)
A weak demonic guardian rushes to your aid.
Your demonic aura often causes spilled blood to erupt in flames.
Your magical and physical power is slightly enhanced at high health.
Your touch may irresistibly damage your foes and sap their willpower.


Message History

The smoke demon hits Dube.
The smoke demon hits Dube but does no damage. x2
The chaos spawn barely misses you.
Dube barely misses the smoke demon.
You hit the orc high priest.
The orc high priest looks as sick as possible!
The orc high priest is moderately wounded.
The orc warrior hits Dube with a +0 battleaxe!!
Dube is destroyed!
The orc barely misses you. You block the orc high priest's attack.
You block the chaos spawn's attack.
You puncture the orc high priest!
The orc high priest looks as sick as possible!
The orc high priest is heavily wounded.
An orc sorcerer comes into view.
It is wielding a +2 dagger of venom and wearing a +2 robe of resistance.
The orc hits you but does no damage.
The orc high priest is engulfed in blazing flames.
The orc high priest closely misses you.
The ettin hits you with a +0 dire flail of holy wrath!!
You convulse!
The ettin hits you but does no damage.
The orc sorcerer shouts!
You hear a shout!
You impale the orc high priest!!
The orc high priest looks as sick as possible!
The orc high priest is almost dead.
The chaos spawn closely misses you.
You puncture the orc high priest!
You kill the orc high priest!
The ice devil disappears in a puff of smoke!
The smoke demon disappears in a puff of smoke!
The chaos spawn degenerates into a cloud of primal chaos!
An orc comes into view. It is wielding a +0 mace.
You hear some strange, mumbled words.
A puff of flame appears from out of thin air!
The puff of flame hits you. You resist. The orc closely misses you.
The orc is engulfed in blazing flames.
You kill the orc!
The ettin hits you with a +0 dire flail of holy wrath!!
You convulse!
* * * LOW HITPOINT WARNING * * *
The ettin hits you with a +0 dire flail!!
You die...

..........# ...
..........#...#
.#.........#.$..
..#...#.........
#...........#..
#..............
#^..§.......
#..#.oC{o....o.
#.$>.☼@○oo..o..
......§☼§.o.....
...........♣.#..
............#...
......$...♣∩♣ ..
.........<.... .
...........♣...
............ ..


You could see an ettin, an orc sorcerer, an orc warrior and 5 orcs.

Vanquished Creatures
  Kirke (D:15)
  A reaper (IceCv)
  2 fire dragons (D:15)
  Josephine (D:15)
  3 vault guards (D:13)
  An ice dragon (D:15)
  5 hydras
  3 catoblepae
  A two-headed ogre (D:10)
  4 centaur warriors
  3 death yaks (Lair:5)
  An orc high priest (Orc:2)
  A tengu warrior (D:13)
  Urug (Lair:5)
  A fire crab (shapeshifter) (D:10)
  An orc knight (D:9)
  A skyshark (Lair:5)
  2 spriggan simulacra (IceCv)
  An obsidian statue (IceCv)
  5 deep elf pyromancers
  2 lindwurms (Lair:3)
  Pikel (D:5)
  2 manticores
  6 cyclopes
  3 ugly things
  4 black mambas
  5 cane toads
  A molten gargoyle (Lair:5)
  A rime drake (Lair:4)
  4 freezing wraiths (IceCv)
  5 komodo dragons
  A kobold demonologist (D:12)
  Maggie (D:8)
  A yaktaur (D:15)
  A golden dragon simulacrum (IceCv)
  3 ice devils (IceCv)
  A tengu conjurer (D:14)
  A hornet (D:7)
  2 trolls
  A meliai (Lair:3)
  Grinder (D:5)
  9 blink frogs
  5 dream sheep (Lair:5)
  9 slime creatures
  A dire elephant simulacrum (IceCv)
  Sigmund (D:2)
  39 yaks
  3 wyverns
  7 hogs (D:15)
  A steam dragon (Lair:5)
  4 basilisks
  2 minotaur simulacra (IceCv)
  4 vampire mosquitoes
  A warg (Orc:2)
  6 water moccasins
  3 hell hounds (Lair:5)
  4 orc warriors
  An ice beast (D:7)
  A sky beast (D:7)
  3 black bears
  3 ogres
  5 centaurs
  2 boggarts (D:15)
  5 wolves
  A phantom (D:4)
  2 gnoll sergeants (D:7)
  12 bullfrogs
  2 necrophages
  4 scorpions
  4 deep troll simulacra (IceCv)
  5 wights
  11 killer bees
  A lindwurm simulacrum (IceCv)
  2 howler monkeys
  2 lava snakes (Lair:5)
  7 hounds (D:5)
  7 jellies
  5 orc priests
  Ijyb (D:4)
  2 iguanas (D:6)
  8 orc wizards
  Robin (D:2)
  14 gnolls
  13 adders
  A river rat (D:6)
  2 shadow imps
  2 white imps
  2 worms
  2 dart slugs
  42 orcs
  10 ball pythons
  4 bats
  23 endoplasms
  9 giant cockroaches
  16 goblins
  7 hobgoblins
  2 jackals (D:4)
  8 quokkas
  14 frilled lizards
  4 kobolds
  10 rats
467 creatures vanquished.

Vanquished Creatures (collateral kills)
  Jorgrun (D:13)
  2 reapers (IceCv)
  Snorg (Orc:1)
  A fire dragon (Lair:5)
  A vault guard (D:13)
  2 hydras
  2 death yaks (Lair:5)
  A two-headed ogre (D:10)
  A fire crab (Lair:5)
  A skeletal warrior (D:13)
  A bog body (IceCv)
  5 slime creatures
  A spriggan simulacrum (IceCv)
  An ugly thing (D:13)
  A cyclops (D:15)
  3 black mambas (Lair:5)
  2 ice statues (D:14)
  2 molten gargoyles (Lair:5)
  An efreet (D:15)
  A gargoyle (D:13)
  3 komodo dragons
  A kobold demonologist (D:11)
  4 cane toads
  An unseen horror (D:13)
  4 freezing wraiths (IceCv)
  A golden dragon simulacrum (IceCv)
  A troll (D:12)
  2 blink frogs (Lair:5)
  2 dream sheep (Lair:5)
  5 wraiths
  A shadow (D:10)
  10 yaks
  A dire elephant simulacrum (IceCv)
  3 basilisks (Lair:5)
  3 vampire mosquitoes (D:11)
  A warg (shapeshifter) (D:13)
  A hydra simulacrum (IceCv)
  A water moccasin (shapeshifter) (D:15)
  4 water moccasins
  A hell hound (Lair:5)
  2 orc warriors (Orc:2)
  2 boggarts (D:15)
  A centaur (D:13)
  4 wolves
  2 bullfrogs
  A deep troll simulacrum (IceCv)
  4 killer bees
  An electric eel (Lair:3)
  2 lava snakes (Lair:5)
  An orc priest (D:10)
  3 orc wizards
  5 orcs
109 creatures vanquished.

Vanquished Creatures (others)
  A steam dragon (Lair:5)
  5 ancestors
  13 battlemagi
  18 fungi
  20 plants
57 creatures vanquished.

Grand Total: 633 creatures vanquished

Notes
Turn   | Place    | Note
-------+----------+-------------------------------------------
     0 | D:1      | inmateoo the Demonspawn Gladiator began the quest for the
                  | Orb.
     0 | D:1      | Reached XP level 1. HP: 16/16 MP: 1/1
   111 | D:1      | Gained mutation: Your touch may inflict minor irresistible
                  | damage on your foes. [demonic ancestry]
   111 | D:1      | Reached XP level 2. HP: 22/22 MP: 2/2
   132 | D:1      | Reached skill level 3 in Polearms
   239 | D:1      | Found a faded altar of an unknown god.
   422 | D:1      | Reached XP level 3. HP: 28/28 MP: 3/3
   779 | D:2      | Reached skill level 1 in Armour
   803 | D:2      | Noticed Robin
  1002 | D:2      | Killed Robin
  1016 | D:2      | Gained mutation: Your touch may inflict irresistible damage
                  | on your foes. [demonic ancestry]
  1016 | D:2      | Reached XP level 4. HP: 28/34 MP: 4/4
  1083 | D:2      | Noticed Sigmund
  1096 | D:2      | Killed Sigmund
  1097 | D:2      | Reached skill level 4 in Polearms
  1097 | D:2      | Reached XP level 5. HP: 39/41 MP: 5/5
  1413 | D:2      | Identified 2 scrolls of acquirement
  1416 | D:2      | Acquired an amulet of regeneration
  1769 | D:3      | Got the Textbook on the Phantasmal Coward
  1906 | D:3      | Gained mutation: Your demonic aura sometimes causes spilled
                  | blood to erupt in flames. [demonic ancestry]
  1906 | D:3      | Reached XP level 6. HP: 47/47 MP: 6/6
  1942 | D:3      | Found The Oracle's Delphic Readings.
  2042 | D:3      | Learned a level 2 spell: Wereblood
  2365 | D:4      | Noticed Ijyb
  2371 | D:4      | Killed Ijyb
  2412 | D:4      | Got the Directory of the Blind Marksman
  2475 | D:4      | Found a sacrificial altar of Ru.
  2660 | D:4      | Reached skill level 1 in Spellcasting
  2688 | D:4      | Reached skill level 5 in Polearms
  2688 | D:4      | Gained mutation: Your demonic aura often causes spilled
                  | blood to erupt in flames. [demonic ancestry]
  2688 | D:4      | Reached XP level 7. HP: 53/53 MP: 8/8
  2818 | D:5      | Entered Level 5 of the Dungeon
  3024 | D:5      | Noticed Pikel
  3085 | D:5      | Killed Pikel
  3086 | D:5      | Reached skill level 6 in Polearms
  3086 | D:5      | Gained mutation: You are partially covered in rugged brown
                  | scales. (AC +1, +3% HP) [demonic ancestry]
  3086 | D:5      | Reached XP level 8. HP: 30/62 MP: 11/11
  3199 | D:5      | Reached skill level 5 in Fighting
  3256 | D:5      | Reached skill level 5 in Dodging
  3444 | D:4      | Found a radiant altar of Vehumet.
  3473 | D:5      | Noticed Grinder
  3478 | D:5      | Paralysed by Grinder for 5 turns
  3485 | D:5      | Killed Grinder
  3486 | D:5      | Reached skill level 7 in Polearms
  3603 | D:5      | Reached XP level 9. HP: 68/70 MP: 12/12
  3969 | D:6      | Found a glowing drain.
  4002 | Sewer    | Entered a sewer
  4222 | Sewer    | Reached skill level 8 in Polearms
  4222 | Sewer    | Reached skill level 5 in Armour
  4629 | D:6      | Acquired the ring "Geryhat" {Contam rF++ rN+}
  4983 | D:7      | Found a staircase to the Ecumenical Temple.
  4994 | Temple   | Entered the Ecumenical Temple
  5311 | Temple   | Became a worshipper of Hepliaklqana the Forgotten
  6031 | D:8      | Noticed Maggie
  6038 | D:8      | Killed Maggie
  6039 | D:8      | Gained mutation: Your touch may irresistibly damage your
                  | foes and sap their willpower. [demonic ancestry]
  6039 | D:8      | Reached XP level 10. HP: 60/79 MP: 13/13
  6164 | D:8      | Reached skill level 1 in Shields
  6265 | D:8      | Reached * piety under Hepliaklqana
  6472 | D:8      | Reached skill level 9 in Polearms
  6678 | D:9      | Found Ererphalad's Magic Scroll Shop.
  6686 | D:9      | Bought a scroll of teleportation for 51 gold pieces
  6686 | D:9      | Bought a scroll of summoning for 161 gold pieces
  6686 | D:9      | Bought 2 scrolls of teleportation for 102 gold pieces
  6686 | D:9      | Bought a scroll of identify for 34 gold pieces
  6686 | D:9      | Bought a scroll of identify for 34 gold pieces
  7211 | D:10     | Entered Level 10 of the Dungeon
  7273 | D:10     | Found a staircase to the Orcish Mines.
  7303 | D:10     | Reached skill level 10 in Polearms
  7304 | D:10     | Gained mutation: Your magical and physical power is
                  | slightly enhanced at high health. [demonic ancestry]
  7304 | D:10     | Reached XP level 11. HP: 72/79 MP: 14/14
  7352 | D:10     | Noticed a two-headed ogre
  7359 | D:10     | Killed a two-headed ogre
  7386 | D:10     | Noticed a deep elf pyromancer
  7386 | D:10     | Noticed a brown ugly thing
  7386 | D:10     | Noticed an orc knight
  7389 | D:10     | Killed a brown ugly thing
  7405 | D:10     | Killed a deep elf pyromancer
  7450 | D:9      | Killed an orc knight
  7683 | D:10     | Noticed a fire crab
  7686 | D:10     | Killed a fire crab
  7848 | D:10     | Found a staircase to the Lair.
  7853 | D:10     | Reached ** piety under Hepliaklqana
  7855 | D:10     | Remembered your ancestor Dube as a battlemage
  7914 | D:10     | Noticed a two-headed ogre
  7920 | D:10     | Killed a two-headed ogre
  8218 | D:11     | You fall into a shaft and drop 1 floor!
  8288 | D:12     | Noticed HoaS's ghost (journeyman GrHu)
  8308 | D:12     | Noticed a green ugly thing
  8313 | D:12     | Killed a green ugly thing
  8372 | D:12     | Identified the +3 war axe of Xom's Hope {heavy, rC+ Will-
                  | Stlth+}
  8394 | D:12     | Noticed a purple ugly thing
  8399 | D:12     | Killed a purple ugly thing
  8400 | D:12     | Reached skill level 11 in Polearms
  8525 | D:12     | Found a runed translucent door.
  8944 | D:11     | Reached skill level 5 in Shields
  8946 | D:11     | Gained mutation: A weak demonic guardian rushes to your
                  | aid. [demonic ancestry]
  8946 | D:11     | Reached XP level 12. HP: 87/87 MP: 15/15
  9189 | D:11     | Reached *** piety under Hepliaklqana
  9592 | D:13     | Noticed Jorgrun
  9772 | Lair:1   | Entered Level 1 of the Lair of Beasts
 10607 | Lair:2   | Noticed a seven-headed hydra
 10612 | Lair:2   | Killed a seven-headed hydra
 10687 | Lair:2   | Reached skill level 12 in Polearms
 10764 | Lair:2   | Reached **** piety under Hepliaklqana
 10798 | Lair:2   | You fall into a shaft and drop 1 floor!
 10862 | Lair:3   | Noticed a catoblepas
 10872 | Lair:3   | Killed a catoblepas
 10996 | Lair:3   | Noticed a seven-headed hydra
 11001 | Lair:3   | Killed a seven-headed hydra
 11015 | Lair:3   | Found a hole to the Spider Nest.
 11216 | Lair:3   | Found a staircase to the Swamp.
 11236 | Lair:3   | Gained mutation: You are mostly covered in rugged brown
                  | scales. (AC +2, +5% HP) [demonic ancestry]
 11236 | Lair:3   | Reached XP level 13. HP: 73/96 MP: 16/16
 12678 | Lair:5   | Entered Level 5 of the Lair of Beasts
 12681 | Lair:5   | Reached ***** piety under Hepliaklqana
 12686 | Lair:5   | Found a staircase to the Slime Pits.
 12686 | Lair:5   | Found a viscous altar of Jiyva.
 12698 | Lair:5   | Reached skill level 10 in Fighting
 12713 | Lair:5   | Reached skill level 1 in Invocations
 12760 | Lair:5   | Reached skill level 13 in Polearms
 13425 | Lair:5   | Noticed Urug
 13438 | Lair:5   | Killed Urug
 13566 | Lair:5   | Found a large runed translucent door.
 13568 | Lair:5   | Found a large runed translucent door.
 13568 | Lair:5   | Noticed a fire dragon
 13658 | Lair:5   | Reached XP level 14. HP: 64/105 MP: 17/17
 14024 | Lair:5   | Reached skill level 10 in Dodging
 14361 | D:13     | Killed Jorgrun
 14425 | D:13     | Reached skill level 5 in Invocations
 14644 | D:13     | Found a portal to a secret trove of treasure.
 14726 | D:13     | Found a gate to the Vaults.
 14775 | D:13     | Reached skill level 14 in Polearms
 15242 | D:14     | Found a frozen archway.
 15351 | IceCv    | Entered an ice cave
 15438 | IceCv    | Reached skill level 10 in Armour
 15694 | IceCv    | Noticed a reaper
 15707 | IceCv    | Noticed a reaper
 15709 | IceCv    | Killed a reaper
 15727 | IceCv    | Killed a reaper
 15835 | IceCv    | Noticed a reaper
 15864 | IceCv    | Killed a reaper
 15986 | IceCv    | Got the Omnibus of Cryomancy
 16342 | D:14     | Identified the +1 trident "Ylistrimn" {flame, rC+ rN+
                  | Int+3}
 16677 | D:15     | Entered Level 15 of the Dungeon
 16693 | D:15     | Noticed Kirke
 16713 | D:15     | Killed Kirke
 16917 | D:15     | Reached XP level 15. HP: 95/113 MP: 20/20
 16983 | D:15     | Noticed Josephine
 16995 | D:15     | Killed Josephine
 17433 | D:15     | Found a staircase to the Depths.
 17744 | Orc:1    | Entered Level 1 of the Orcish Mines
 17755 | Orc:1    | Noticed Snorg
 17762 | Orc:1    | Killed Snorg
 17903 | Orc:2    | Entered Level 2 of the Orcish Mines
 17903 | Orc:2    | Found a staircase to the Elven Halls.
 17903 | Orc:2    | Found Qoucor's Distillery.
 17933 | Orc:2    | Mangled by an ettin

Illustrated notes

Levels and vault maps discovered:
D:1:      roderic_crop_circles_arrival_small, layout_basic,
          shapermc_ecumenical_altar_gd
D:2:      layout_basic, uniq_robin, uniq_sigmund
D:3:      layout_rooms, minmay_fountain_box, nicolae_nh_oracle_at_delphi
D:4:      layout_loops_cross, nicolae_overflow_hidden_temple, uniq_ijyb
D:5:      layout_loops_cross, grunt_ministairs_13, st_stairs_8, eino_curves_02,
          cheibrodos_gnoll_hut, uniq_grinder, uniq_pikel
D:6:      lemuel_slime, layout_rooms, portal_sewer_entry_a
D:7:      layout_loops_corners, temple_fountains, minmay_misc_feat_plants
D:8:      layout_loops_ring, uniq_maggie
D:9:      layout_cross, serial_shops, nicolae_diamond_shop
D:10:     nzn_winding_woodlands_small
          [nzn_winding_woodlands_5x15_river_crossing,
          nzn_winding_woodlands_center_lodge,
          nzn_winding_woodlands_5x15_lazy_stream], layout_irregular_city,
          dpeg_oklobed_lair, orc_0_dummy, serial_glass, glass_columns_a,
          glass_columns_a
D:11:     layout_basic
D:12:     layout_rooms, hellmonk_ghost_big_iron, serial_corexii_hall,
          chequers_hall_statues_wall_a, chequers_hall_statues_corner_a
D:13:     layout_grid_maze, lightli_vaults_fourway_checkpoint, enter_trove_1,
          uniq_jorgrun
D:14:     layout_roguey, portal_ice_cave_entry_ice_statue_two,
          kennysheep_generic_room_8
D:15:     grunt_enter_depths_hoard, layout_small_grid,
          wad_floor_pattern_untrapped, uniq_kirke, uniq_josephine
Temple:   mainiacjoe_temple_cubbyholes
Lair:1:   layout_hall_layers
Lair:2:   layout_gridlike
Lair:3:   layout_gridlike, minmay_swamp_entry_eels,
          hellmonk_spider_entry_not_the_bees, nicolae_lair_lindhole
Lair:4:   layout_cave_pods
Lair:5:   cheibrodos_lair_end_hotspot, layout_long_grid, slime_entry_1,
          uniq_urug
Orc:1:    layout_caves, uniq_snorg
Orc:2:    st_orc_elflike, layout_caves, serial_shops, nicolae_shop_trees,
          mines2_david

Skill      XL: |  1  2  3  4  5  6  7  8  9 10 11 12 13 14 |
---------------+-------------------------------------------+-----
Polearms       | 3 4 5 6 7 8 10 11 12 13 14 | 14.9
Dodging        | 3 4 5 6 7 8 9 10 | 10.8
Armour         | 1 2 3 4 5 6 7 8 9 10 | 10.5
Fighting       | 3 4 5 6 7 8 9 10 11 | 11.6
Spellcasting   | 1 2 |  2.0
Shields        | 3 5 6 7 8 |  8.8
Invocations    | 4 7 |  7.8
Throwing       | |  1.7

Action                     |  1- 3 |  4- 6 |  7- 9 | 10-12 | 13-15 || total
---------------------------+-------+-------+-------+-------+-------++-------
  Melee: Trident           |   111 |   131 |   260 |   431 |   681 ||  1614
         Touch             |     7 |    13 |    32 |       |       ||    52
         Punch             |       |     1 |     2 |       |       ||     3
  Throw: Throwing net      |       |     1 |       |     1 |       ||     2
         Javelin           |       |       |       |       |     1 ||     1
 Invoke: Recall Ancestor   |       |       |       |     3 |     3 ||     6
         Ancestor Life: Ba |       |       |       |     1 |       ||     1
         Idealise          |       |       |       |       |     1 ||     1
  Evoke: Wand              |       |       |     8 |       |    22 ||    30
    Use: Scroll            |       |    11 |     9 |    10 |     1 ||    31
         Potion            |       |       |       |       |     4 ||     4
   Stab: Sleeping          |     2 |     3 |       |       |       ||     5
         Paralysed         |       |       |     2 |       |       ||     2
         Distracted        |       |       |       |     9 |    12 ||    21
         Petrifying        |       |       |       |     1 |     1 ||     2
         Petrified         |       |       |       |       |     2 ||     2
 Armour: Leather armour    |    32 |     1 |       |       |       ||    33
         Robe              |       |    16 |       |       |       ||    16
         Scale mail        |       |     7 |    91 |    29 |       ||   127
         Chain mail        |       |       |       |    92 |   240 ||   332
  Dodge: Dodged            |    61 |    63 |   113 |   104 |   162 ||   503
  Block: Kite shield       |       |       |     5 |   124 |   143 ||   272
         Buckler           |       |       |       |       |    38 ||    38

Table legend: (Time is in decaauts)
 A = Elapsed time spent in this place.
 B = Non-inter-level travel time spent in this place.
 C = Inter-level travel time spent in this place.
 D = Time resting spent in this place.
 E = Time spent auto-exploring this place.
 F = Levels seen in this place.
 G = Mean time per level.
                   A        B        C        D        E       F      G
               +--------+--------+--------+--------+--------+-----+--------+
         Total |  17993 |  16746 |   1247 |   1579 |  10950 |  25 |  719.7 |
       Dungeon |  11955 |  11009 |    946 |   1286 |   7053 |  15 |  797.0 |
        Temple |    353 |    318 |     35 |      0 |    286 |   1 |  353.0 |
          Lair |   4327 |   4083 |    244 |    127 |   3268 |   5 |  865.4 |
  Orcish Mines |    175 |    153 |     22 |      0 |    121 |   2 |   87.5 |
         Sewer |    506 |    506 |      0 |      0 |    118 |   1 |  506.0 |
      Ice Cave |    674 |    674 |      0 |    166 |    104 |   1 |  674.0 |
               +--------+--------+--------+--------+--------+-----+--------+

Top non-repeatable levels by time:
  Lair:5: 1380 daAuts
     D:7: 1106 daAuts
    D:13: 995 daAuts
    D:15: 954 daAuts
    D:10: 941 daAuts
     D:5: 923 daAuts
    D:12: 909 daAuts
     D:2: 772 daAuts
     D:1: 761 daAuts
  Lair:1: 759 daAuts
     D:4: 736 daAuts
  Lair:4: 732 daAuts
  Lair:3: 729 daAuts
  Lair:2: 726 daAuts
    D:11: 725 daAuts
